 Dungeon Crawl Stone Soup version 0.25-a0-1130-g3926558f3a (webtiles) character file.

Game seed: 2850155474493156649, levelgen mode: deterministic

168 kae the Firebug (level 5, 0/28 HPs)
             Began as a Tengu Fire Elementalist on May 19, 2020.
             Slain by a bullfrog (3 damage)
             ... on level 1 of the Dungeon.
             The game lasted 00:02:35 (3248 turns).

kae the Firebug (Tengu Fire Elementalist)           Turns: 3248, Time: 00:02:36

Health: 0/28       AC:  3    Str:  8    XL:     5   Next: 48%
Magic:  8/11       EV: 15    Int: 17    God:
Gold:   83         SH:  0    Dex: 14    Spells: 9/10 levels left

rFire    . . .     SeeInvis .   m - +4 whip (freeze)
rCold    . . .     Gourm    .   (no shield)
rNeg     . . .     Faith    .   a - +1 robe
rPois    .         Spirit   .   (helmet restricted)
rElec    .         Reflect  .   (no cloak)
rCorr    .         Harm     .   (no gloves)
MR       .....                  (boots unavailable)
Stlth    ++........             e - amulet of the acrobat
HPRegen  0.09/turn              (no ring)
MPRegen  0.12/turn              (no ring)

@: flying quickly and evasively, quick
A: beak, talons 3, able to fly
a: Stop Flying


You were on level 1 of the Dungeon.
You were hungry.

You visited 1 branch of the dungeon, and saw 3 of its levels.

You collected 83 gold pieces.

Inventory:

Hand Weapons
 f - a +0 hand axe
 m - a +4 whip of freezing (weapon)
Armour
 a - a +1 robe (worn)
Jewellery
 e - an amulet of the acrobat (around neck)
 i - a cursed amulet of inaccuracy
 n - an uncursed amulet of faith {unknown}
Scrolls
 b - a scroll of identify
 l - a scroll of fog
Potions
 h - 2 potions of ambrosia
 k - a potion of curing {unknown}
 q - a potion of heal wounds {unknown}
Comestibles
 c - 5 rations


   Skills:
 - Level 2.1 Dodging
 - Level 2.0 Stealth
 + Level 3.3 Spellcasting
 + Level 4.0 Conjurations
 + Level 4.6 Fire Magic


You had 9 spell levels left.
You knew the following spells:

 Your Spells              Type           Power        Failure   Level  Hunger
a - Foxfire               Conj/Fire      ###.         3%          1    None

Your spell library contained the following spells:

 Spells                   Type           Power        Failure   Level  Hunger
 Conjure Flame            Conj/Fire      ###.....     9%          3    ###....
 Inner Flame              Hex/Fire       ##......     21%         3    ###....
 Sticky Flame             Conj/Fire      ###.....     28%         4    ####...
 Fireball                 Conj/Fire      ###.......   63%         5    ######.


Dungeon Overview and Level Annotations

Branches:
Dungeon (3/15)

Altars:


Innate Abilities, Weirdness & Mutations

You have a beak for a mouth.
You have claws for feet.
You can fly continuously.


Message History

You conjure some foxfire!
The bullfrog closely misses you.
The foxfire hits the bullfrog.
The bullfrog is lightly wounded.
The foxfire hits the bullfrog.
The bullfrog is lightly wounded.
The bullfrog misses you. The bullfrog completely misses you.
Casting: Foxfire (safe; 3% risk of failure)
Confirm with . or Enter, or press ? or * to list all spells.
You conjure some foxfire!
The bullfrog hits you.
The foxfire hits the bullfrog.
The bullfrog is moderately wounded.
The foxfire hits the bullfrog.
The bullfrog is heavily wounded.
The bullfrog hits you!
* * * LOW HITPOINT WARNING * * *
The bullfrog closely misses you.
Casting: Foxfire (safe; 3% risk of failure)
Confirm with . or Enter, or press ? or * to list all spells.
You conjure some foxfire!
The bullfrog hits you.
You die...

♣♣♣♣♣♣ ### ######### ♣....♣
♣.♣ #.......# ♣♣..♣♣ ♣♣P.
#.......#######♣♣P..♣♣♣♣..P
#.......'§§v....♣.♣..P♣..♣.
#.......##@v.....♣♣♣...♣♣♣♣
#.......##F#.....♣♣PP♣.♣♣##
#.......##h#.....♣♣..P♣♣...
#....#####.#.......♣...♣♣##
#..#.#####.#.......♣♣P..P♣
#..#.##....#........♣♣♣.♣♣
####.>..................♣♣♣♣
#.....#....#.......#######.##
#.....###.##.###...#
#####..##


You could see a bullfrog and a jackal.

Vanquished Creatures
  A scorpion (D:2)
  A crimson imp (D:2)
  3 adders (D:2)
  2 worms (D:2)
  2 dart slugs
  2 giant cockroaches
  3 goblins
  7 hobgoblins
  7 jackals
  A quokka (D:2)
  A ball python (D:2)
  8 bats
  2 frilled lizards (D:2)
  4 kobolds
  2 rats (D:2)
46 creatures vanquished.

Vanquished Creatures (others)
  85 foxfires
85 creatures vanquished.

Grand Total: 131 creatures vanquished

Notes
Turn   | Place    | Note
-------+----------+-------------------------------------------
     0 | D:1      | kae the Tengu Fire Elementalist began the quest for the
                  | Orb.
     0 | D:1      | Reached XP level 1. HP: 10/10 MP: 4/4
   334 | D:1      | Reached XP level 2. HP: 15/15 MP: 6/6
  1277 | D:2      | Reached XP level 3. HP: 19/19 MP: 7/7
  1826 | D:2      | Reached XP level 4. HP: 14/24 MP: 9/9
  2423 | D:2      | Gained mutation: You can fly continuously. [Tengu growth]
  2423 | D:2      | Reached XP level 5. HP: 20/28 MP: 10/10
  3248 | D:1      | Slain by a bullfrog

Illustrated notes

Levels and vault maps discovered:
D:1:      scummos_arrival_checkerplants, layout_basic, serial_forest,
          infiniplex_forest_split, infiniplex_forest_clump_medium,
          infiniplex_forest_lined_corner, infiniplex_forest_clump_small,
          infiniplex_forest_straight_2, infiniplex_forest_clump_diagonal
D:2:      layout_basic
D:3:      layout_basic, elyvilon_altar_4, first_ration, tgw_sif

Skill      XL: |  1  2  3  4  5 |
---------------+----------------+-----
Conjurations   | 2 3 4 |  4.0
Fire Magic     | 4 |  4.6
Spellcasting   | 3 |  3.3
Dodging        | |  2.1
Stealth        | |  2.0

Action                   |  1- 3 |  4- 6 || total
-------------------------+-------+-------++-------
Melee: Hand axe          |    28 |       ||    28
       Peck              |     4 |     2 ||     6
       Kick              |     4 |     4 ||     8
       Whip              |    14 |    16 ||    30
 Cast: Foxfire           |    29 |    27 ||    56
 Abil: Fly               |       |     1 ||     1
  Use: Potion            |     2 |       ||     2
       Scroll            |       |     8 ||     8
 Stab: Distracted        |     1 |       ||     1
       Sleeping          |     1 |     1 ||     2
  Eat: Chunk             |     3 |     4 ||     7
Armor: Robe              |    13 |     4 ||    17
Dodge: Dodged            |    63 |    38 ||   101

Table legend:
 A = Non-vault XP
 B = Vault XP
 C = Vault XP percentage of total XP
 D = Non-vault monster count
 E = Vault monster count
 F = Vault count percentage of total count
                 A         B        C        D         E       F
            +---------+---------+-------+---------+---------+-------
      Total |     240 |       0 |   0.0 |      46 |       0 |   0.0
            +---------+---------+-------+---------+---------+-------
        D:1 |      33 |       0 |   0.0 |      17 |       0 |   0.0
        D:2 |     207 |       0 |   0.0 |      29 |       0 |   0.0
            +---------+---------+-------+---------+---------+-------
